 Dungeon Sprint DCSS version 0.24-a0-132-ge4b1dce (webtiles) character file.

Game seed: 0

661 Faca the Fighter (level 7, -9/118 HPs)
             Began as a Minotaur Berserker on Feb 27, 2019.
             Was a Priest of Trog.
             Mangled by Sonja
             ... wielding a +2 short sword of venom
              (12 damage)
             ... in the Dungeon (Sprint I: "Red Sonja").
             The game lasted 00:02:01 (955 turns).

Faca the Fighter (Minotaur Berserker)                Turns: 955, Time: 00:02:01

Health: -9/118     AC:  2    Str: 29    XL:     7   Next: 30%
Magic:  6/6        EV: 12    Int:  4    God:    Trog [***...]
Gold:   53         SH:  0    Dex:  9    Spells: 6/6 levels left

rFire    . . .     SeeInvis .   a - +0 hand axe
rCold    . . .     Gourm    .   (no shield)
rNeg     . . .     Faith    .   b - +0 animal skin
rPois    .         Spirit   .   (helmet restricted)
rElec    .         Reflect  .   (no cloak)
rCorr    .         Harm     .   (no gloves)
MR       .....     NoTele   +   (no boots)
Stlth    ..........             (no amulet)
HPRegen  0.29/turn              (no ring)
MPRegen  0.10/turn              (no ring)

@: berserking (expiring), lethally poisoned (-9 -> -131), slowed
A: retaliatory headbutt, horns 2
a: Berserk, Trog's Hand, Renounce Religion


You were in the Dungeon.
You worshipped Trog.
Trog was most pleased with you.
You were hungry.

You visited 1 branch You collected 326 gold pieces.
You spent 273 gold pieces at shops.

Inventory:

Hand Weapons
 a - a +0 hand axe (weapon)
Armour
 b - a +0 animal skin (worn)
Scrolls
 i - a scroll of blinking
 l - a scroll of enchant armour {unknown}
 m - a scroll of remove curse {unknown}
Potions
 d - a potion of curing
 e - a potion of heal wounds
 f - 2 potions of haste
 g - 2 potions of magic
 h - a potion of berserk rage
Comestibles
 c - a ration


   Skills:
 + Level 13.4 Fighting
 + Level 13.4 Axes
 - Level 2.4 Armour
 - Level 2.1 Dodging


You had 6 spell levels left.
You didn't know any spells.
Your spell library was empty.

Dungeon Overview and Level Annotations

Branches:
Dungeon (1/1)

Altars:
Cheibriados
Dithmenos
Elyvilon
Fedhas
Gozag
Hepliaklqana
Kikubaaqudgha
Makhleb
Nemelex Xobeh
Okawaru
Qazlal
Ru
Sif Muna
Trog
Uskayaw
Vehumet
Wu Jian
Xom
Yredelemnul
Zin
The Shining One
Jiyva
Lugonu

Shops:
D *

Annotations:
D Sonja


Innate Abilities, Weirdness & Mutations

You reflexively headbutt those who attack you in melee.
You have a pair of horns on your head.


Message History

Sonja hits you with a +2 short sword of venom.
* * * LOW HITPOINT WARNING * * *
You are more poisoned.
You slash Sonja!
Sonja is severely wounded.
* * * LOW HITPOINT WARNING * * *
You feel very sick.
Sonja hits you with a +2 short sword of venom.
* * * LOW HITPOINT WARNING * * *
You are more poisoned.
Sonja hits you with a +2 short sword of venom.
* * * LOW HITPOINT WARNING * * *
Sonja hits you with a +2 short sword of venom!
* * * LOW HITPOINT WARNING * * *
You closely miss Sonja.
Sonja is severely wounded.
* * * LOW HITPOINT WARNING * * *
You feel very sick.
Sonja hits you with a +2 short sword of venom!
You die...

#<.#..').#.)'..#__#
#..').#..'..#..'..+
#..#####'#####'#__#
#..####..#...#.####
#..#__####..##!#§§§
#..#_____##'#_.+§§
#⌠⌠#_.∩...'.(._#§≈§
####_..__##_.#'# +#
#_____###@#.#
####### #K### $.$
#$.$# ##.## #+#


You could see Sonja.

Vanquished Creatures
  A slime creature (D)
  Sigmund (D)
  A yak (D)
  An ogre (D)
  A jelly (D)
  Ijyb (D)
6 creatures vanquished.

Vanquished Creatures (others)
  A gargoyle (D)
1 creature vanquished.

Grand Total: 7 creatures vanquished

Notes
Turn   | Place    | Note
-------+----------+-------------------------------------------
     0 | D        | Faca the Minotaur Berserker began the quest for the Orb.
     0 | D        | Reached XP level 1. HP: 19/19 MP: 0/0
     1 | D        | Noticed Ijyb
     9 | D        | Killed Ijyb
     9 | D        | Reached XP level 2. HP: 21/30 MP: 1/1
    96 | D        | Noticed an ogre
   101 | D        | Killed an ogre
   101 | D        | Reached XP level 3. HP: 34/41 MP: 2/2
   101 | D        | Reached XP level 4. HP: 41/49 MP: 3/3
   145 | D        | Killed a gargoyle
   154 | D        | Noticed Sigmund
   165 | D        | Killed Sigmund
   165 | D        | Reached ** piety under Trog
   165 | D        | Reached XP level 5. HP: 37/60 MP: 4/4
   165 | D        | Reached XP level 6. HP: 42/68 MP: 5/5
   295 | D        | Found an ornate altar of the Wu Jian Council.
   295 | D        | Found a deep blue altar of Sif Muna.
   297 | D        | Found a radiant altar of Vehumet.
   342 | D        | Found Cegrub's Assorted Antiques.
   342 | D        | Found an ancient bone altar of Kikubaaqudgha.
   342 | D        | Found a hazy altar of Hepliaklqana.
   342 | D        | Found a stormy altar of Qazlal.
   342 | D        | Found a hide-covered altar of Uskayaw.
   342 | D        | Found a blossoming altar of Fedhas.
   342 | D        | Found a bloodstained altar of Trog.
   342 | D        | Found an iron altar of Okawaru.
   342 | D        | Found a basalt altar of Yredelemnul.
   342 | D        | Found a glowing golden altar of the Shining One.
   342 | D        | Found a snail-covered altar of Cheibriados.
   342 | D        | Found a sacrificial altar of Ru.
   342 | D        | Found a glowing silver altar of Zin.
   342 | D        | Found a shadowy altar of Dithmenos.
   342 | D        | Found a white marble altar of Elyvilon.
   342 | D        | Noticed a yak
   359 | D        | Killed a yak
   360 | D        | Found an opulent altar of Gozag.
   586 | D        | Found a sparkling altar of Nemelex Xobeh.
   590 | D        | Bought a scroll labeled XOCEYNT WUOQ for 21 gold pieces
   590 | D        | Bought a potion of haste for 210 gold pieces
   590 | D        | Bought a scroll labeled LAD VAIRPHIE for 21 gold pieces
   590 | D        | Bought a scroll labeled VIETAN BADAWK for 21 gold pieces
   604 | D        | Found a burning altar of Makhleb.
   604 | D        | Found a viscous altar of Jiyva.
   604 | D        | Found a shimmering altar of Xom.
   604 | D        | Found a corrupted altar of Lugonu.
   604 | D        | Noticed a slime creature
   617 | D        | Killed a slime creature
   617 | D        | Reached *** piety under Trog
   617 | D        | Reached XP level 7. HP: 6/79 MP: 6/6
   944 | D        | Noticed Sonja
   955 | D        | HP: 3/118 [poisoned by Sonja]
   955 | D        | Mangled by Sonja

Levels and vault maps discovered:
D:        dungeon_sprint_1 [red_sonja_temple_1, red_sonja_temple_small_1]

Skill      XL: |  1  2  3  4  5  6 |
---------------+-------------------+-----
Fighting       | 6 8 11 13 | 13.4
Axes           | 6 8 11 13 | 13.4
Armour         | |  2.4
Dodging        | |  2.1

Action                   |  1- 3 |  4- 6 |  7- 9 || total
-------------------------+-------+-------+-------++-------
Melee: Hand axe          |    11 |    40 |     7 ||    58
       Headbutt          |     3 |    12 |       ||    15
Invok: Berserk           |       |       |     1 ||     1
  Use: Scroll            |       |     1 |       ||     1
 Stab: Sleeping          |       |     1 |       ||     1
Armor: Animal skin       |     1 |     4 |     1 ||     6
Dodge: Dodged            |     4 |     7 |     4 ||    15

Table legend:
 A = Non-vault XP
 B = Vault XP
 C = Vault XP percentage of total XP
 D = Non-vault monster count
 E = Vault monster count
 F = Vault count percentage of total count
                 A         B        C        D         E       F
            +---------+---------+-------+---------+---------+-------
      Total |       0 |     945 | 100.0 |       0 |       6 | 100.0
            +---------+---------+-------+---------+---------+-------
          D |       0 |     945 | 100.0 |       0 |       6 | 100.0
            +---------+---------+-------+---------+---------+-------
